 Dungeon Crawl Stone Soup version 0.29.1-13-g9f3cf754e1 (webtiles) character file.

Game seed: 9444970291212432853

259 Kold the Digger (level 6, -9/32 HPs)
             Began as a Gargoyle Earth Elementalist on Jan 31, 2023.
             Mangled by an ice beast (12 damage)
             ... on level 5 of the Dungeon.
             The game lasted 00:05:26 (3322 turns).

Kold the Digger (Gargoyle Earth Elementalist)       Turns: 3322, Time: 00:05:27

Health: -9/32      AC:  7    Str: 12    XL:     6   Next: 17%
Magic:  6/9        EV: 11    Int: 17    God:
Gold:   262        SH:  0    Dex: 10    Spells: 5/9 levels left

rFire   . . .      SeeInvis .   d - +1 whip (flame)
rCold   . . .      Faith    .   (no shield)
rNeg    + . .      Spirit   .   a - +0 robe
rPois   ∞          Reflect  .   (no helmet)
rElec   +          Harm     .   t - +0 cloak
rCorr   .          Rampage  .   (no gloves)
Will    .....                   (no boots)
Stlth   ++........              (no amulet)
HPRegen 0.10/turn               (no ring)
MPRegen 0.11/turn               (no ring)

@: no status effects
A: sickness immunity, AC +4, negative energy resistance 1, electricity
resistance, torment resistance 1, petrification resistance
a: no special abilities


You were on level 5 of the Dungeon.
You visited 1 branch of the dungeon, and saw 5 of its levels.

You collected 262 gold pieces.

Inventory:

Hand Weapons
 c - a +1 vampiric dagger
 d - a +1 whip of flaming (weapon)
Armour
 a - a +0 robe (worn)
 t - a +0 cloak (worn)
Magical Staves
 s - a staff of fire
Jewellery
 l - a ring of willpower
 q - a +4 ring of protection
 r - a ring of ice
Wands
 p - a wand of polymorph (6)
Scrolls
 f - 2 scrolls of teleportation
 h - a scroll of immolation {unknown}
 i - a scroll of poison {unknown}
 m - 2 scrolls of blinking
 o - 3 scrolls of identify {unknown}
 u - a scroll of silence {unknown}
Potions
 b - a potion of magic
 e - 5 potions of curing {unknown}
 g - 2 potions of haste {unknown}
 j - 2 potions of mutation {unknown}
 k - a potion of might {unknown}
 n - 2 potions of lignification {unknown}


   Skills:
 - Level 1.5 Dodging
 - Level 3.0 Stealth
 - Level 2.0 Spellcasting
 - Level 2.3 Transmutations
 * Level 7.0 Earth Magic


You had 5 spell levels left.
You knew the following spells:

 Your Spells              Type           Power      Damage    Failure   Level
a - Sandblast             Erth           50%        2d12      1%          1
b - Stone Arrow           Conj/Erth      26%        3d8       14%         3

Your spell library contained the following spells:

 Spells                   Type           Power      Damage    Failure   Level
 Passwall                 Tmut/Erth      14%        N/A       4%          2
 Foxfire                  Conj/Fire      4%         2x1d4     19%         1
 Petrify                  Tmut/Erth      17%        N/A       28%         4
 Conjure Flame            Conj/Fire      1%         6-21      50%         3
 Inner Flame              Hex/Fire       1%         N/A       50%         3
 Flame Wave               Conj/Fire      1%         2d4       88%         4


Dungeon Overview and Level Annotations

Branches:
Dungeon (5/15)
 Temple: D:4-7

Altars:

Annotations:
D:3 Grinder


Innate Abilities, Weirdness & Mutations

You are immune to sickness and miasma.
Your stone body is resilient. (AC +4)
You are immune to poison.
You resist negative energy. (rN+)
You are resistant to electric shocks. (rElec)
You are resistant to unholy torment.
You are immune to petrification.


Message History

You kill the dart slug!
No target in view!
You now have 262 gold pieces (gained 12).
Found a stone staircase leading down.
o - 3 scrolls labelled NAYRAI APTUBRU (gained 1)
u - a scroll labelled OPE QUVASHUI
n - 2 brown potions (gained 1)
An ice beast comes into view.
An ice beast is nearby!
Casting: Sandblast (safe; 1% risk of failure)
Confirm with . or Enter, or press ? or * to list all spells.
Aiming: Sandblast (safe; 1% risk of failure)
Press: ? - help, Shift-Dir - straight line, f - ice beast
Aim: an ice beast (asleep, 100% to hit)
The blast of sand hits the ice beast but does no damage.
Casting: Sandblast (safe; 1% risk of failure)
Confirm with . or Enter, or press ? or * to list all spells.
Aiming: Sandblast (safe; 1% risk of failure)
Press: ? - help, Shift-Dir - straight line, f/p - ice beast
Aim: an ice beast (83% to hit)
The blast of sand hits the ice beast!
The ice beast is heavily wounded.
You barely miss the ice beast.
The ice beast is heavily wounded.
The ice beast hits you. The ice beast freezes you!
You barely miss the ice beast.
The ice beast is heavily wounded.
The ice beast barely misses you.
Casting: Sandblast (safe; 1% risk of failure)
Confirm with . or Enter, or press ? or * to list all spells.
Aiming: Sandblast (safe; 1% risk of failure)
Press: ? - help, Shift-Dir - straight line, f/p - ice beast
Aim: an ice beast (heavily wounded, 83% to hit)
The blast of sand misses the ice beast.
The ice beast hits you. The ice beast freezes you!
* * * LOW HITPOINT WARNING * * *
The ice beast hits you.
* * * LOW HITPOINT WARNING * * *
The ice beast freezes you!
You die...

#.....## #.##>#
#.# .......##
#..#.# #.#
......<.####....#
#.#
........+.......#
#.# ........#
#....###.#
.......##
#........#
#.....##
###.#.####
##...## #. ##.#
##'## # #@## #.#
#.Y# #.# ##.#
##.####### #.#
##......... #.#
.......#### #.#
##...#..... ..#
#..##..### ###
#......#


You could see an ice beast.

Vanquished Creatures
  A scorpion (D:3)
  A jelly (D:5)
  Jessica (D:3)
  Natasha (D:2)
  Robin (D:3)
  5 adders
  2 dart slugs
  4 ball pythons
  A bat (D:1)
  3 endoplasms
  A giant cockroach (D:4)
  13 goblins
  9 hobgoblins
  3 jackals (D:2)
  3 quokkas
  2 frilled lizards
  3 kobolds
  A rat (D:1)
  A spectral goblin (D:1)
56 creatures vanquished.

Notes
Turn   | Place    | Note
-------+----------+-------------------------------------------
     0 | D:1      | Kold the Gargoyle Earth Elementalist began the quest for
                  | the Orb.
     0 | D:1      | Reached XP level 1. HP: 10/10 MP: 3/3
   143 | D:1      | Reached skill level 1 in Transmutations
   145 | D:1      | Reached XP level 2. HP: 15/15 MP: 0/5
   243 | D:1      | Reached skill level 4 in Earth Magic
   303 | D:1      | Found a faded altar of an unknown god.
   891 | D:2      | Reached XP level 3. HP: 19/19 MP: 4/6
  1393 | D:3      | Noticed Natasha
  1395 | D:3      | Noticed a scorpion
  1398 | D:2      | Killed Natasha
  1399 | D:2      | Reached skill level 5 in Earth Magic
  1399 | D:2      | Reached XP level 4. HP: 23/24 MP: 4/7
  1497 | D:3      | Noticed Robin
  1539 | D:3      | Killed Robin
  1883 | D:3      | Noticed Jessica
  1888 | D:3      | Killed Jessica
  1889 | D:3      | Reached XP level 5. HP: 28/28 MP: 5/8
  1904 | D:3      | Reached skill level 6 in Earth Magic
  1908 | D:3      | Learned a level 3 spell: Stone Arrow
  2068 | D:3      | Noticed Grinder
  2071 | D:3      | Paralysed by Grinder for 4 turns
  3120 | D:5      | Entered Level 5 of the Dungeon
  3141 | D:5      | Reached XP level 6. HP: 32/32 MP: 5/9
  3143 | D:5      | Reached skill level 7 in Earth Magic
  3316 | D:5      | Noticed an ice beast
  3322 | D:5      | Mangled by an ice beast

Illustrated notes

Levels and vault maps discovered:
D:1:      lightli_arrival_boilingwater, layout_rooms,
          dreamdust_ecumenical_altar_drowned_temple, grunt_decor_fettered
D:2:      layout_loops_ring, nrook_mini_backslash
D:3:      layout_basic, hangedman_decor_lopped, grunt_decor_junction,
          hex_medium, chequers_serial_rivers_room_b, uniq_grinder, uniq_robin,
          uniq_natasha, uniq_jessica
D:4:      layout_basic
D:5:      layout_loops_corners

Skill      XL: |  1  2  3  4  5  6 |
---------------+-------------------+-----
Transmutations | 1 2 |  2.3
Earth Magic    | 4 5 6 7 |  7.0
Stealth        | 3 |  3.0
Dodging        | |  1.5
Spellcasting   | |  2.0

Action                   |  1- 3 |  4- 6 || total
-------------------------+-------+-------++-------
Melee: Whip              |     1 |     8 ||     9
 Cast: Sandblast         |    34 |    52 ||    86
  Use: Scroll            |       |     2 ||     2
Armor: Robe              |     6 |    15 ||    21
Dodge: Dodged            |    10 |    24 ||    34
